[Event "Spanish Blitz Championship 2024"]
[Site "Mengibar"]
[Date "2024.08.16"]
[Round "6.3"]
[White "Khamrakulov, Ibragim S."]
[Black "Iturrizaga Bonelli, Eduardo"]
[Result "0-1"]
[ECO "B22"]
[WhiteElo "2403"]
[BlackElo "2577"]
[Annotator "ChessBase"]
[PlyCount "192"]
[EventDate "2024.08.12"]
[EventType "swiss"]
[EventCountry "ESP"]
[SourceTitle "playchess.com"]
[Source "ChessBase"]
[SourceQuality "1"]
[TimeControl "180+2"]

1. e4 c5 2. c3 Nf6 3. e5 Nd5 4. Bc4 Nb6 5. Bb3 d5 6. exd6 Qxd6 7. d4 cxd4 8. Nf3 Nc6 9. cxd4 Be6 10. Bxe6 Qxe6+ 11. Be3 Qf5 12. Nc3 e6 13. O-O Be7 14. Qb3 O-O 15. d5 Nxd5 16. Qxb7 Nxe3 17. fxe3 Qc5 18. Kh1 Rab8 19. Qa6 Rxb2 20. Na4 Qb5 21. Qxb5 Rxb5 22. Rac1 Nb4 23. a3 Nd5 24. e4 Nb6 25. Nd4 Rh5 26. Nxb6 axb6 27. a4 Bc5 28. Nb3 Bd6 29. h3 Ra8 30. Rfd1 Bf4 31. Rc6 h6 32. Rd4 Be3 33. Rdc4 b5 34. Rc8+ Kh7 35. axb5 Rxc8 36. Rxc8 Rxb5 37. Rc3 Bf4 38. Kg1 Rb4 39. Nc5 Be5 40. Rc2 Bd4+ 41. Kf1 Bxc5 42. Rxc5 Rxe4 43. Kf2 f5 44. Kf3 h5 45. Rc7 Kg6 46. g3 h4 47. g4 Ra4 48. gxf5+ exf5 49. Rb7 Ra3+ 50. Kf4 Ra4+ 51. Kf3 Kf6 52. Rb6+ Kg5 53. Rb7 Ra3+ 54. Kf2 g6 55. Kg2 Ra2+ 56. Kg1 Re2 57. Kf1 Re3 58. Kg2 Kf4 59. Rb4+ Re4 60. Rb1 Re2+ 61. Kf1 Kf3 62. Rb6 Ra2 63. Rb3+ Kf4 64. Rb6 g5 65. Rb5 Rh2 66. Rb4+ Ke5 67. Rb5+ Kf6 68. Rb6+ Kg7 69. Rb7+ Kg6 70. Rb6+ Kh5 71. Rb3 Rh1+ 72. Kg2 Rc1 73. Rb5 Rc2+ 74. Kg1 Kg6 75. Rb6+ Kf7 76. Ra6 Re2 77. Rb6 Re6 78. Rb8 Kf6 79. Rg8 Re3 80. Kg2 Rg3+ 81. Kh2 Ra3 82. Kg2 Ra2+ 83. Kg1 Ra7 84. Kg2 Rg7 85. Re8 Re7 86. Rf8+ Ke5 87. Kf3 Re6 88. Rf7 Ra6 89. Re7+ Kf6 90. Re3 Ra2 91. Rb3 Rh2 92. Rb6+ Kg7 93. Rb7+ Kg6 94. Rb6+ Kh5 95. Rb5 Rxh3+ 96. Kg2 Rg3+ 0-1

[Event "Spanish Blitz Championship 2024"]
[Site "Mengibar"]
[Date "2024.08.16"]
[Round "6.4"]
[White "Domingo Nunez, Ruben"]
[Black "Santos Latasa, Jaime"]
[Result "0-1"]
[ECO "B21"]
[WhiteElo "2406"]
[BlackElo "2624"]
[Annotator "ChessBase"]
[PlyCount "51"]
[EventDate "2024.08.12"]
[EventType "swiss"]
[EventCountry "ESP"]
[SourceTitle "playchess.com"]
[Source "ChessBase"]
[SourceQuality "1"]
[TimeControl "180+2"]

1. e4 c5 2. d4 cxd4 3. c3 d3 4. Bxd3 Nc6 5. c4 d6 6. h3 Nf6 7. Nf3 e6 8. Nc3 Be7 9. O-O O-O 10. Be3 b6 11. Rc1 Bb7 12. a3 Rc8 13. Qe2 Nd7 14. Bb1 Nde5 15. Nd2 Na5 16. Ba2 Ba6 17. b3 Bb7 18. b4 Nac6 19. f4 Nd7 20. Nf3 Re8 21. Rfd1 a5 22. Qb2 axb4 23. axb4 Na7 24. c5 dxc5 25. Ne5 Rc7 26. Nxf7 0-1

[Event "Spanish Blitz Championship 2024"]
[Site "Mengibar"]
[Date "2024.08.16"]
[Round "6.5"]
[White "Shirov, Alexei"]
[Black "Colovic, Aleksandar"]
[Result "1-0"]
[ECO "B32"]
[WhiteElo "2665"]
[BlackElo "2430"]
[Annotator "ChessBase"]
[PlyCount "49"]
[EventDate "2024.08.12"]
[EventType "swiss"]
[EventCountry "ESP"]
[SourceTitle "playchess.com"]
[Source "ChessBase"]
[SourceQuality "1"]
[TimeControl "180+2"]

1. e4 c5 2. Nf3 Nc6 3. d4 cxd4 4. Nxd4 e5 5. Nb5 d6 6. N1c3 a6 7. Na3 Be6 8. Nc4 Rb8 9. g3 b5 10. Ne3 g6 11. Bg2 h5 12. a4 b4 13. Ncd5 Bh6 14. O-O h4 15. Qd3 a5 16. Rd1 h3 17. Bf1 Nd4 18. c3 bxc3 19. bxc3 Nb3 20. Ba3 Bxd5 21. Qxd5 Bxe3 22. Bb5+ Kf8 23. Bxd6+ Kg7 24. Bxe5+ Nf6 25. Qxb3 1-0

[Event "Spanish Blitz Championship 2024"]
[Site "Mengibar"]
[Date "2024.08.16"]
[Round "6.6"]
[White "Blanco Acevedo, Cristobal Jose"]
[Black "Chigaev, Maksim"]
[Result "0-1"]
[ECO "B84"]
[WhiteElo "2301"]
[BlackElo "2628"]
[Annotator "ChessBase"]
[PlyCount "54"]
[EventDate "2024.08.12"]
[EventType "swiss"]
[EventCountry "ESP"]
[SourceTitle "playchess.com"]
[Source "ChessBase"]
[SourceQuality "1"]
[TimeControl "180+2"]

1. e4 c5 2. Nf3 d6 3. d4 cxd4 4. Nxd4 Nf6 5. Nc3 a6 6. Be2 e6 7. O-O Be7 8. a4 Nc6 9. Be3 Qc7 10. f4 O-O 11. Qe1 Nxd4 12. Bxd4 e5 13. fxe5 dxe5 14. Qg3 Bc5 15. Bxc5 Qxc5+ 16. Kh1 Ne8 17. Rad1 Be6 18. Bg4 Nd6 19. Bxe6 fxe6 20. h3 Nc4 21. Rxf8+ Rxf8 22. b3 Ne3 23. Rd7 Rf1+ 24. Kh2 Nf5 25. Rd8+ Kf7 26. Rd7+ Ke8 27. Qd3 Qg1# 0-1

[Event "Spanish Blitz Championship 2024"]
[Site "Mengibar"]
[Date "2024.08.16"]
[Round "6.7"]
[White "Moreno Trujillo, Alejandro"]
[Black "Rottenwohrer Suarez, Juan"]
[Result "1-0"]
[ECO "A46"]
[WhiteElo "2485"]
[BlackElo "2338"]
[Annotator "ChessBase"]
[PlyCount "94"]
[EventDate "2024.08.12"]
[EventType "swiss"]
[EventCountry "ESP"]
[SourceTitle "playchess.com"]
[Source "ChessBase"]
[SourceQuality "1"]
[TimeControl "180+2"]

1. d4 Nf6 2. Nf3 e6 3. g3 c5 4. c3 Nc6 5. Bg2 Be7 6. O-O O-O 7. b3 b6 8. Bb2 Bb7 9. e3 Rc8 10. Nbd2 d5 11. Qe2 Qc7 12. Rfe1 e5 13. dxe5 Nxe5 14. c4 Bd6 15. cxd5 Bxd5 16. Nc4 Nxf3+ 17. Bxf3 Bxf3 18. Qxf3 Be7 19. Be5 Qc6 20. Qxc6 Rxc6 21. a4 Nd5 22. Rad1 Rd8 23. e4 Nb4 24. Rxd8+ Bxd8 25. Rd1 Rc8 26. Rd7 Nc6 27. Bc3 Be7 28. e5 Bf8 29. Kg2 Rb8 30. Rc7 Ne7 31. Rxa7 b5 32. axb5 Nd5 33. Bd2 Rxb5 34. Rd7 Ne7 35. Rd3 Nc6 36. Be3 h5 37. f4 g6 38. Kf3 Nb4 39. Rd8 Kg7 40. Nd6 Bxd6 41. exd6 Nd5 42. Ke4 Nf6+ 43. Kd3 Rxb3+ 44. Ke2 Ne4 45. d7 Kf6 46. Re8 Rb2+ 47. Kd3 Nd6 1-0

[Event "Spanish Blitz Championship 2024"]
[Site "Mengibar"]
[Date "2024.08.16"]
[Round "6.8"]
[White "Rubio Mejia, Luis Ignacio"]
[Black "Gines Esteo, Pedro Antonio"]
[Result "0-1"]
[ECO "A45"]
[WhiteElo "2367"]
[BlackElo "2477"]
[Annotator "ChessBase"]
[PlyCount "90"]
[EventDate "2024.08.12"]
[EventType "swiss"]
[EventCountry "ESP"]
[SourceTitle "playchess.com"]
[Source "ChessBase"]
[SourceQuality "1"]
[TimeControl "180+2"]

1. d4 Nf6 2. Bg5 c5 3. Bxf6 gxf6 4. c3 Qb6 5. Qd2 d5 6. Nf3 Nc6 7. e3 e5 8. dxc5 Bxc5 9. Be2 Be6 10. O-O h5 11. a4 Be7 12. Na3 h4 13. Rfd1 Rd8 14. Qc2 Kf8 15. Rd2 a6 16. Rad1 Bxa3 17. bxa3 Ke7 18. e4 dxe4 19. Qxe4 h3 20. g3 Rxd2 21. Rxd2 Qc5 22. Rb2 Rb8 23. Nh4 Qxa3 24. Rb1 Qxc3 25. Nf5+ Bxf5 26. Qxf5 Nd4 27. Qe4 Qc6 28. Qxc6 Nxc6 29. Bg4 b5 30. axb5 Rxb5 31. Ra1 a5 32. Bxh3 Nd4 33. Bf1 Rc5 34. h4 f5 35. h5 Kf6 36. f4 Nf3+ 37. Kh1 e4 38. Be2 Nd4 39. Bd1 e3 40. Kg1 e2 41. Ba4 Nf3+ 42. Kf2 e1=Q+ 43. Rxe1 Nxe1 44. Kxe1 Rc4 45. Bb3 Rc3 0-1

[Event "Spanish Blitz Championship 2024"]
[Site "Mengibar"]
[Date "2024.08.16"]
[Round "7.1"]
[White "Santos Latasa, Jaime"]
[Black "Ibarra Jerez, Jose Carlos"]
[Result "1/2-1/2"]
[ECO "B08"]
[WhiteElo "2624"]
[BlackElo "2559"]
[Annotator "ChessBase"]
[PlyCount "36"]
[EventDate "2024.08.12"]
[EventType "swiss"]
[EventCountry "ESP"]
[SourceTitle "playchess.com"]
[Source "ChessBase"]
[SourceQuality "1"]
[TimeControl "180+2"]

1. Nf3 d6 2. d4 g6 3. e4 Nf6 4. Nc3 Bg7 5. Be3 a6 6. h3 O-O 7. Qd2 b5 8. Bd3 Bb7 9. a3 Qc8 10. Bh6 c5 11. Bxg7 Kxg7 12. e5 dxe5 13. dxe5 Nd5 14. Be4 Nxc3 15. Bxb7 Qxb7 16. Qxc3 Qe4+ 17. Kf1 Qd5 18. h4 h6 1/2-1/2

[Event "Spanish Blitz Championship 2024"]
[Site "Mengibar"]
[Date "2024.08.16"]
[Round "7.2"]
[White "Iturrizaga Bonelli, Eduardo"]
[Black "Santos Ruiz, Miguel"]
[Result "1/2-1/2"]
[ECO "D10"]
[WhiteElo "2577"]
[BlackElo "2601"]
[Annotator "ChessBase"]
[PlyCount "20"]
[EventDate "2024.08.12"]
[EventType "swiss"]
[EventCountry "ESP"]
[SourceTitle "playchess.com"]
[Source "ChessBase"]
[SourceQuality "1"]
[TimeControl "180+2"]

1. Nf3 d5 2. d4 c6 3. c4 Nf6 4. cxd5 cxd5 5. Nc3 Nc6 6. Bf4 Nh5 7. Bd2 Nf6 8. Bf4 Nh5 9. Bd2 Nf6 10. Bf4 Nh5 1/2-1/2

[Event "Spanish Blitz Championship 2024"]
[Site "Mengibar"]
[Date "2024.08.16"]
[Round "7.3"]
[White "Pichot, Alan"]
[Black "Shirov, Alexei"]
[Result "0-1"]
[ECO "C11"]
[WhiteElo "2638"]
[BlackElo "2665"]
[Annotator "RC"]
[PlyCount "162"]
[EventDate "2024.08.12"]
[EventType "swiss"]
[EventCountry "ESP"]
[SourceTitle "playchess.com"]
[Source "ChessBase"]
[SourceQuality "1"]
[TimeControl "180+2"]

1. e4 e6 2. d4 d5 3. Nc3 Nf6 4. e5 Nfd7 5. Nce2 c5 6. c3 Nc6 7. Nf3 b5 8. Nf4 Rb8 9. Bd3 b4 10. O-O bxc3 11. bxc3 cxd4 12. cxd4 Nb4 13. Be2 Ba6 14. h4 Bxe2 15. Qxe2 Be7 16. g3 Qa5 17. Ng5 Qa6 18. Qd1 h6 19. Nxf7 Kxf7 20. Qh5+ Kg8 21. Ng6 Bf8 22. Rb1 Qxa2 23. Be3 a5 24. Qg4 Re8 25. Rfc1 Nd3 26. Rd1 Nb2 27. Ra1 Qb3 28. Rdb1 a4 29. Nxh8 Kxh8 30. Qg6 Re7 31. Rc1 Nc4 32. Rcb1 Qc3 33. Rc1 Qb2 34. Rab1 Qe2 35. Re1 Qf3 36. Bf4 a3 37. Rbd1 Qb3 38. Rb1 Qa4 39. Ra1 Qa8 40. Reb1 Qe8 41. Qd3 Ndb6 42. Ra2 Ra7 43. Qf3 Qf7 44. Qd3 Qf5 45. Qxf5 exf5 46. Rb5 Kg8 47. e6 Be7 48. h5 Kf8 49. Bb8 Rb7 50. Bf4 Bf6 51. Be3 Ke7 52. Kf1 Kxe6 53. Ke2 Ra7 54. Kd3 Be7 55. Bc1 Bd6 56. Re2+ Kd7 57. Ra2 Kc6 58. Rb1 Re7 59. Be3 Nb2+ 60. Kc2 N6c4 61. Re1 f4 62. gxf4 Bxf4 63. Kc3 Bd6 64. Raa1 Rb7 65. Kc2 Na4 66. Bc1 Rf7 67. Be3 Nxe3+ 68. fxe3 Rf2+ 69. Kb3 Nb6 70. Ra2 Rxa2 71. Kxa2 Nc4 72. Rg1 Bf8 73. Rg6+ Kd7 74. Rg3 Ke6 75. Kb3 Nd2+ 76. Ka2 Ne4 77. Rg2 Nf6 78. Rh2 Kf5 79. Kb3 Ke4 80. Rh3 Bd6 81. Ka2 Ng4 0-1

[Event "Spanish Blitz Championship 2024"]
[Site "Mengibar"]
[Date "2024.08.16"]
[Round "7.4"]
[White "Chigaev, Maksim"]
[Black "Fernandez Borrego, Pablo"]
[Result "1-0"]
[ECO "C00"]
[WhiteElo "2628"]
[BlackElo "2393"]
[Annotator "ChessBase"]
[PlyCount "59"]
[EventDate "2024.08.12"]
[EventType "swiss"]
[EventCountry "ESP"]
[SourceTitle "playchess.com"]
[Source "ChessBase"]
[SourceQuality "1"]
[TimeControl "180+2"]

1. d4 e6 2. e4 d5 3. Bd3 dxe4 4. Bxe4 Nf6 5. Bf3 c5 6. Ne2 Be7 7. Nbc3 O-O 8. Be3 Qa5 9. O-O Rd8 10. Qe1 Qc7 11. Bf4 Qb6 12. Na4 Qb4 13. Nxc5 Bxc5 14. dxc5 Qxc5 15. Qc3 Qxc3 16. Nxc3 Nc6 17. Rfd1 Re8 18. Bg5 a6 19. Bxf6 gxf6 20. Ne4 Kf8 21. Nd6 Re7 22. Bxc6 bxc6 23. Nc4 e5 24. Na5 Be6 25. Rd6 Rd7 26. Rad1 Rxd6 27. Rxd6 c5 28. c4 f5 29. b3 f4 30. f3 1-0

[Event "Spanish Blitz Championship 2024"]
[Site "Mengibar"]
[Date "2024.08.16"]
[Round "7.5"]
[White "Domingo Nunez, Ruben"]
[Black "Khamrakulov, Ibragim S."]
[Result "0-1"]
[ECO "B21"]
[WhiteElo "2406"]
[BlackElo "2403"]
[Annotator "ChessBase"]
[PlyCount "106"]
[EventDate "2024.08.12"]
[EventType "swiss"]
[EventCountry "ESP"]
[SourceTitle "playchess.com"]
[Source "ChessBase"]
[SourceQuality "1"]
[TimeControl "180+2"]

1. e4 c5 2. d4 cxd4 3. c3 Nf6 4. e5 Nd5 5. Nf3 d6 6. Qxd4 e6 7. Nbd2 Nc6 8. Bb5 Bd7 9. Bxc6 Bxc6 10. Nc4 dxe5 11. Ncxe5 f6 12. Nxc6 bxc6 13. Qc4 Qd7 14. O-O Bd6 15. Re1 e5 16. Qd3 O-O 17. c4 Nb4 18. Qd1 Rfd8 19. a3 Na6 20. b4 Qf7 21. Qe2 c5 22. b5 Nc7 23. a4 Ne6 24. a5 Nd4 25. Nxd4 exd4 26. Bd2 d3 27. Qg4 Be5 28. Rab1 Rab8 29. b6 axb6 30. axb6 Rd4 31. Qf3 Qxc4 32. Rec1 Qd5 33. Qh3 Qc6 34. Be3 Rd5 35. Qf3 c4 36. b7 c3 37. Ba7 Rxb7 38. Rxb7 Qxb7 39. Rd1 c2 40. Rf1 d2 41. Qh5 g6 42. Qh3 Qxa7 43. Qe6+ Qf7 44. Qc8+ Kg7 45. Qxc2 Qc7 46. Qb3 Rd7 47. g3 Qc3 48. Qa4 Qd4 49. Qd1 Rc7 50. Qb1 Qd6 51. Rd1 Bc3 52. Qb3 Qc6 53. Qc2 Re7 0-1

[Event "Spanish Blitz Championship 2024"]
[Site "Mengibar"]
[Date "2024.08.16"]
[Round "7.6"]
[White "Moreno Tejera, Emilio"]
[Black "Moreno Trujillo, Alejandro"]
[Result "1-0"]
[ECO "C11"]
[WhiteElo "2422"]
[BlackElo "2485"]
[Annotator "ChessBase"]
[PlyCount "131"]
[EventDate "2024.08.12"]
[EventType "swiss"]
[EventCountry "ESP"]
[SourceTitle "playchess.com"]
[Source "ChessBase"]
[SourceQuality "1"]
[TimeControl "180+2"]

1. e4 e6 2. d4 d5 3. Nc3 Nf6 4. e5 Nfd7 5. Nce2 c5 6. c3 Nc6 7. f4 Be7 8. Nf3 O-O 9. h4 f6 10. Neg1 Qa5 11. a3 b5 12. b4 cxb4 13. Bd3 f5 14. Ng5 Bxg5 15. hxg5 g6 16. Nf3 bxc3 17. Kf2 Rf7 18. Be3 Qb6 19. Rb1 Ba6 20. Qe2 Na5 21. g4 Nf8 22. gxf5 exf5 23. Bxb5 Bxb5 24. Rxb5 Qd8 25. Rc1 Rc8 26. Rc5 Ne6 27. Rxc8 Qxc8 28. Qd3 Rc7 29. Qb5 Nc4 30. Rxc3 Nxe3 31. Rxe3 Nxf4 32. Kg3 Nh5+ 33. Kh4 Qd7 34. Qb8+ Rc8 35. Qb4 Qe6 36. Rc3 Rxc3 37. Qxc3 Ng7 38. Qc7 Ne8 39. Qxa7 f4 40. Qb8 Kf7 41. a4 Ng7 42. Qc7+ Kf8 43. Qd8+ Ne8 44. a5 Qc6 45. e6 Qxe6 46. Ne5 f3 47. Nxf3 Qe4+ 48. Kg3 Qe3 49. a6 Kg7 50. Qd7+ Kf8 51. a7 Qa3 52. Kf4 Qa6 53. Ne5 Qf1+ 54. Ke3 Qe1+ 55. Kd3 Qd1+ 56. Kc3 Qe1+ 57. Kb3 Qb1+ 58. Ka4 Qa2+ 59. Kb5 Qb2+ 60. Kc5 Qa3+ 61. Kxd5 Qb3+ 62. Kc6 Qa4+ 63. Kb6 Qb4+ 64. Qb5 Qd6+ 65. Nc6 Nc7 66. Qc5 1-0

[Event "Spanish Blitz Championship 2024"]
[Site "Mengibar"]
[Date "2024.08.16"]
[Round "7.7"]
[White "Gines Esteo, Pedro Antonio"]
[Black "Luque Saiz, Andres"]
[Result "1-0"]
[ECO "A04"]
[WhiteElo "2477"]
[BlackElo "2372"]
[Annotator "ChessBase"]
[PlyCount "117"]
[EventDate "2024.08.12"]
[EventType "swiss"]
[EventCountry "ESP"]
[SourceTitle "playchess.com"]
[Source "ChessBase"]
[SourceQuality "1"]
[TimeControl "180+2"]

1. Nf3 c5 2. c4 Nc6 3. Nc3 g6 4. e3 Bg7 5. d4 d6 6. d5 Bxc3+ 7. bxc3 Na5 8. e4 b6 9. h4 Bg4 10. Qd3 Nf6 11. e5 Bf5 12. Qe3 Ng4 13. Qf4 dxe5 14. Nxe5 Nxe5 15. Qxe5 f6 16. Qg3 h5 17. Be2 Kf7 18. O-O Qd7 19. Re1 Rag8 20. Bf4 Nb7 21. Bf1 Nd6 22. a4 g5 23. hxg5 Ne4 24. Qe3 Nxg5 25. Kh1 Ne4 26. Ra2 Nd6 27. Qc1 Rg4 28. Bh2 Rhg8 29. Rae2 Ne4 30. f3 Ng3+ 31. Bxg3 Rxg3 32. Qh6 R8g7 33. Rxe7+ Qxe7 34. Rxe7+ Kxe7 35. Kg1 R3g5 36. f4 Rg4 37. Qxh5 Be4 38. Qh3 Kd6 39. Kf2 Bxg2 40. Bxg2 Rxg2+ 41. Qxg2 Rxg2+ 42. Kxg2 Ke7 43. Kg3 Kf7 44. Kg4 Kg6 45. f5+ Kf7 46. Kh5 Kg7 47. Kh4 Kf7 48. Kg4 Kg7 49. Kh5 a6 50. Kh4 Kf7 51. Kg4 Kf8 52. Kh5 Kg7 53. d6 Kf7 54. Kh6 Ke8 55. Kg6 Kd7 56. Kxf6 Kxd6 57. Kg7 Ke5 58. f6 Ke4 59. f7 1-0

[Event "Spanish Blitz Championship 2024"]
[Site "Mengibar"]
[Date "2024.08.16"]
[Round "7.8"]
[White "Alcazar Jimenez, Victor"]
[Black "Plazuelo Pascual, Juan"]
[Result "1-0"]
[ECO "A13"]
[WhiteElo "2377"]
[BlackElo "2425"]
[Annotator "ChessBase"]
[PlyCount "119"]
[EventDate "2024.08.12"]
[EventType "swiss"]
[EventCountry "ESP"]
[SourceTitle "playchess.com"]
[Source "ChessBase"]
[SourceQuality "1"]
[TimeControl "180+2"]

1. c4 e6 2. Nf3 d5 3. b3 Nf6 4. Bb2 Bd6 5. g3 O-O 6. Bg2 Re8 7. d4 Nc6 8. O-O dxc4 9. bxc4 Bd7 10. Nbd2 Rb8 11. e4 Bf8 12. e5 Ng4 13. h3 Nh6 14. g4 b5 15. Qe2 bxc4 16. Nxc4 Nb4 17. Rfc1 Nd5 18. Rc2 Ba4 19. Rd2 Bb4 20. Bc1 Nf4 21. Qe4 Nxg2 22. Kxg2 Bc3 23. Rb2 Bxb2 24. Nxb2 Bb5 25. a4 Ba6 26. Bxh6 gxh6 27. Nd3 Bb7 28. Qf4 Qg5 29. Rc1 Qxf4 30. Nxf4 Ba8 31. Rc3 Rb4 32. Nh5 Rd8 33. Nf6+ Kg7 34. Kg3 Rxa4 35. Nh5+ Kf8 36. Nf6 Kg7 37. Nh5+ Kf8 38. Nf6 a5 39. Nxh7+ Kg7 40. Nf6 Rb4 41. Nh5+ Kf8 42. g5 hxg5 43. Nxg5 Rbxd4 44. Rxc7 R4d7 45. Rc4 Rd3+ 46. f3 Bb7 47. Rf4 R8d7 48. Nxe6+ Ke7 49. Nc5 Bc6 50. Nxd7 Bxd7 51. Nf6 Bc6 52. Rf5 a4 53. Ng8+ Ke8 54. Nf6+ Ke7 55. Ng8+ Kf8 56. Nh6 Bd5 57. Rf6 a3 58. Nf5 Rxf3+ 59. Kg2 Rf1+ 60. Kxf1 1-0

[Event "Spanish Blitz Championship 2024"]
[Site "Mengibar"]
[Date "2024.08.16"]
[Round "8.1"]
[White "Ibarra Jerez, Jose Carlos"]
[Black "Gines Esteo, Pedro Antonio"]
[Result "0-1"]
[ECO "B10"]
[WhiteElo "2559"]
[BlackElo "2477"]
[Annotator "ChessBase"]
[PlyCount "98"]
[EventDate "2024.08.12"]
[EventType "swiss"]
[EventCountry "ESP"]
[SourceTitle "playchess.com"]
[Source "ChessBase"]
[SourceQuality "1"]
[TimeControl "180+2"]

1. e4 c6 2. Nf3 d5 3. d3 dxe4 4. dxe4 Qxd1+ 5. Kxd1 Nf6 6. Nbd2 g6 7. Ne5 Be6 8. f3 h5 9. h4 Nbd7 10. Nd3 Bh6 11. c3 O-O-O 12. Kc2 b6 13. a4 a5 14. g3 Kb7 15. Nf4 Ne5 16. Nxe6 fxe6 17. Be2 Be3 18. Nc4 Nxc4 19. Bxc4 Bxc1 20. Raxc1 e5 21. Rcd1 Rdf8 22. Rd3 Rh7 23. b4 axb4 24. cxb4 Rg7 25. a5 g5 26. Rhd1 g4 27. f4 exf4 28. e5 Nd5 29. Bxd5 cxd5 30. gxf4 Rxf4 31. Rxd5 Rxb4 32. e6 g3 33. Rxh5 g2 34. Rg1 bxa5 35. Rxa5 Rxh4 36. Rb1+ Kc6 37. Ra6+ Kc5 38. Ra5+ Kc6 39. Ra6+ Kd5 40. Ra5+ Kxe6 41. Re1+ Kf6 42. Ra6+ Kf7 43. Raa1 Rf4 44. Kd3 Rf6 45. Rg1 Rg5 46. Ra2 Rfg6 47. Ke4 Rg3 48. Rf2+ Ke6 49. Re2 R6g4# 0-1

[Event "Spanish Blitz Championship 2024"]
[Site "Mengibar"]
[Date "2024.08.16"]
[Round "8.2"]
[White "Santos Ruiz, Miguel"]
[Black "Santos Latasa, Jaime"]
[Result "1/2-1/2"]
[ECO "C50"]
[WhiteElo "2601"]
[BlackElo "2624"]
[Annotator "ChessBase"]
[PlyCount "26"]
[EventDate "2024.08.12"]
[EventType "swiss"]
[EventCountry "ESP"]
[SourceTitle "playchess.com"]
[Source "ChessBase"]
[SourceQuality "1"]
[TimeControl "180+2"]

1. e4 e5 2. Nf3 Nc6 3. Bc4 Bc5 4. d3 Nf6 5. Nbd2 d6 6. c3 O-O 7. h3 a5 8. a4 Ba7 9. O-O Re8 10. Qb3 Rf8 11. Qd1 Re8 12. Qb3 Rf8 13. Qd1 Re8 1/2-1/2

[Event "Spanish Blitz Championship 2024"]
[Site "Mengibar"]
[Date "2024.08.16"]
[Round "8.3"]
[White "Suarez Gomez, Julio"]
[Black "Iturrizaga Bonelli, Eduardo"]
[Result "0-1"]
[ECO "B41"]
[WhiteElo "2492"]
[BlackElo "2577"]
[Annotator "ChessBase"]
[PlyCount "62"]
[EventDate "2024.08.12"]
[EventType "swiss"]
[EventCountry "ESP"]
[SourceTitle "playchess.com"]
[Source "ChessBase"]
[SourceQuality "1"]
[TimeControl "180+2"]

1. e4 c5 2. Nf3 e6 3. d4 cxd4 4. Nxd4 a6 5. a3 Nf6 6. Nc3 d6 7. f4 Be7 8. g4 h6 9. Rg1 g5 10. f5 Qc7 11. Be3 Nc6 12. Nxc6 bxc6 13. Qd2 d5 14. Bd4 e5 15. Bf2 d4 16. Nd1 Nxe4 17. Qe2 Nxf2 18. Nxf2 Rb8 19. Nd3 f6 20. Bg2 c5 21. b3 c4 22. bxc4 Qxc4 23. Kf2 O-O 24. Rgb1 Bd7 25. Be4 Bc6 26. Kf3 Bxe4+ 27. Qxe4 Qxc2 28. Rc1 Qd2 29. Rc7 Rf7 30. Rac1 Rb3 31. Rc8+ Kg7 0-1

[Event "Spanish Blitz Championship 2024"]
[Site "Mengibar"]
[Date "2024.08.16"]
[Round "8.4"]
[White "Shirov, Alexei"]
[Black "Moreno Tejera, Emilio"]
[Result "1-0"]
[ECO "C96"]
[WhiteElo "2665"]
[BlackElo "2422"]
[Annotator "ChessBase"]
[PlyCount "55"]
[EventDate "2024.08.12"]
[EventType "swiss"]
[EventCountry "ESP"]
[SourceTitle "playchess.com"]
[Source "ChessBase"]
[SourceQuality "1"]
[TimeControl "180+2"]

1. e4 e5 2. Nf3 Nc6 3. Bb5 a6 4. Ba4 Nf6 5. O-O Be7 6. Re1 b5 7. Bb3 d6 8. c3 O-O 9. h3 Na5 10. Bc2 c5 11. d4 Nd7 12. Nbd2 exd4 13. cxd4 Nc6 14. d5 Nce5 15. a4 Rb8 16. axb5 axb5 17. Nxe5 Nxe5 18. f4 Ng6 19. Nf3 Bh4 20. Nxh4 Qxh4 21. f5 Ne5 22. Rf1 Re8 23. Bf4 Qe7 24. Bxe5 Qxe5 25. f6 Qd4+ 26. Qxd4 cxd4 27. Bd3 Rb7 28. Ra6 1-0

[Event "Spanish Blitz Championship 2024"]
[Site "Mengibar"]
[Date "2024.08.16"]
[Round "8.5"]
[White "Khamrakulov, Ibragim S."]
[Black "Chigaev, Maksim"]
[Result "0-1"]
[ECO "B22"]
[WhiteElo "2403"]
[BlackElo "2628"]
[Annotator "ChessBase"]
[PlyCount "71"]
[EventDate "2024.08.12"]
[EventType "swiss"]
[EventCountry "ESP"]
[SourceTitle "playchess.com"]
[Source "ChessBase"]
[SourceQuality "1"]
[TimeControl "180+2"]

1. e4 c5 2. c3 d5 3. exd5 Nf6 4. Nf3 Nxd5 5. d4 cxd4 6. cxd4 g6 7. Nc3 Bg7 8. Bc4 Nxc3 9. bxc3 Qc7 10. Qe2 O-O 11. O-O Bg4 12. Ba3 Bxf3 13. gxf3 Nc6 14. Rfe1 Rfd8 15. Bb3 e6 16. Rad1 Na5 17. Rd3 Rac8 18. Red1 Nxb3 19. axb3 Rd5 20. Bc1 b5 21. f4 a5 22. Be3 h5 23. c4 bxc4 24. bxc4 Qxc4 25. Rc1 Qa6 26. Rxc8+ Qxc8 27. Qa2 Rb5 28. Qa4 Qb7 29. Rd1 Rb1 30. Rxb1 Qxb1+ 31. Kg2 Qb7+ 32. Kg1 Qb4 33. Qe8+ Bf8 34. f5 gxf5 35. Bh6 a4 36. Bxf8 0-1

[Event "Spanish Blitz Championship 2024"]
[Site "Mengibar"]
[Date "2024.08.16"]
[Round "8.6"]
[White "Pichot, Alan"]
[Black "Alcazar Jimenez, Victor"]
[Result "1-0"]
[ECO "B31"]
[WhiteElo "2638"]
[BlackElo "2377"]
[Annotator "ChessBase"]
[PlyCount "45"]
[EventDate "2024.08.12"]
[EventType "swiss"]
[EventCountry "ESP"]
[SourceTitle "playchess.com"]
[Source "ChessBase"]
[SourceQuality "1"]
[TimeControl "180+2"]

1. e4 c5 2. Nf3 Nc6 3. Bb5 g6 4. Bxc6 dxc6 5. h3 Qc7 6. d3 e5 7. a3 Nf6 8. O-O h6 9. b4 g5 10. Bb2 Nd7 11. bxc5 Bxc5 12. d4 exd4 13. Nxd4 Ne5 14. Nf5 Bxf5 15. exf5 Bd6 16. Nd2 O-O-O 17. Qh5 Rhg8 18. Ne4 g4 19. Rad1 gxh3 20. Qxh3 Nc4 21. Bf6 Rde8 22. Qd3 b5 23. Nxd6+ 1-0

[Event "Spanish Blitz Championship 2024"]
[Site "Mengibar"]
[Date "2024.08.16"]
[Round "8.7"]
[White "Vazquez Igarza, Renier"]
[Black "Martin Duque, Jesus"]
[Result "1/2-1/2"]
[ECO "E12"]
[WhiteElo "2504"]
[BlackElo "2365"]
[Annotator "ChessBase"]
[PlyCount "71"]
[EventDate "2024.08.12"]
[EventType "swiss"]
[EventCountry "ESP"]
[SourceTitle "playchess.com"]
[Source "ChessBase"]
[SourceQuality "1"]
[TimeControl "180+2"]

1. d4 Nf6 2. c4 e6 3. Nf3 b6 4. Bg5 Bb7 5. e3 h6 6. Bh4 Be7 7. Bd3 c5 8. Nc3 O-O 9. O-O Nc6 10. Rc1 cxd4 11. exd4 d5 12. Re1 dxc4 13. Bxc4 Nh5 14. Bg3 Nxg3 15. hxg3 Bf6 16. d5 exd5 17. Bxd5 Bxc3 18. Rxc3 Qf6 19. Qa4 Na5 20. Bxb7 Nxb7 21. Qc6 Qxc6 22. Rxc6 Rac8 23. Rec1 Rxc6 24. Rxc6 Nc5 25. Rc7 Nd3 26. b3 a5 27. Kf1 Re8 28. Rc6 Nb4 29. Rxb6 Nxa2 30. Nd4 Nc1 31. Nf5 Nd3 32. Ne3 Ra8 33. Ke2 Nc5 34. Rb5 Ne6 35. Kd3 a4 36. bxa4 1/2-1/2

[Event "Spanish Blitz Championship 2024"]
[Site "Mengibar"]
[Date "2024.08.16"]
[Round "8.8"]
[White "Tejedor Fuente, Enrique"]
[Black "Zrikem, Nassim"]
[Result "1-0"]
[ECO "A46"]
[WhiteElo "2387"]
[BlackElo "2196"]
[Annotator "ChessBase"]
[PlyCount "53"]
[EventDate "2024.08.12"]
[EventType "swiss"]
[EventCountry "ESP"]
[SourceTitle "playchess.com"]
[Source "ChessBase"]
[SourceQuality "1"]
[TimeControl "180+2"]

1. d4 Nf6 2. Nf3 e6 3. Bf4 b6 4. e3 Bb7 5. h3 Be7 6. c3 d6 7. Nbd2 Nbd7 8. a4 a6 9. Bd3 h6 10. Bh2 O-O 11. O-O Re8 12. Qc2 Bf8 13. Rfd1 c5 14. Be2 cxd4 15. exd4 Rc8 16. Nf1 Qc7 17. Ne3 g6 18. Nd2 e5 19. dxe5 dxe5 20. Bf3 Bc6 21. Re1 Qb7 22. Bxc6 Qxc6 23. Nf3 Bg7 24. Rad1 Rcd8 25. Re2 Ne4 26. Nd5 Nec5 27. Nb4 1-0